Map: 2000 Atmospheres LE

Players

Pumba - Winner!

  • Race: Protoss Protoss
  • League: Diamond
  • Spawn Location: 3:00

IIIIIIIIIIII

  • Race: Protoss Protoss
  • League: Diamond
  • Spawn Location: 7:00

VOD

Have the link to the VOD?

Description

Time

  • Played on: Feb. 15, 2022, 10:29 p.m.
  • Length: 10:48
Show
View Real Time Build Order
Export as new Build Order

Pumba Protoss - Winner!

Build Orders:  

Get SALT Encoding   

  12  0:00  Probe  
  13  0:12  Probe  
  14  0:17  Pylon  
  14  0:25  Probe  
  15  0:37  Probe (Chrono Boost)  
  15  0:38  Gateway  
  16  0:47  Assimilator  
  16  0:48  Probe (Chrono Boost)  
  17  0:53  Probe (Chrono Boost)  
  17  0:56  Assimilator  
  18  1:03  Probe (Chrono Boost)  
  19  1:13  Gateway  
  19  1:15  Probe (Chrono Boost)  
  20  1:20  Probe (Chrono Boost)  
  21  1:30  Probe, Cybernetics Core  
  22  1:42  Probe  
  23  2:03  Pylon  
  23  2:07  Warp Gate  
  23  2:15  Nexus  
  23  2:21  Probe  
  24  2:28  Stalker  
  26  2:32  Stalker  
  26  2:33  Probe  
  28  2:45  Robotics Facility  
  28  2:46  Probe  
  29  2:58  Probe  
  29  3:00  Pylon  
  29  3:03  Stalker  
  31  3:18  Stalker  
  31  3:19  Shield Battery  
  31  3:37  Immortal (Chrono Boost)  
  34  3:46  Probe  
  35  3:58  Stalker  
  35  3:59  Probe  
  35  4:01  Probe  
  39  4:14  Warp Prism (Chrono Boost)  
  39  4:20  Probe (Chrono Boost)  
  43  4:25  Probe (Chrono Boost)  
  43  4:28  Stalker  
  43  4:29  Probe (Chrono Boost)  
  46  4:41  Pylon  
  46  4:48  Forge  
  46  4:55  Pylon  
  46  4:59  Observer, Probe x2 (Chrono Boost)  
  49  5:08  Stalker  
  49  5:09  Probe x2 (Chrono Boost)  
  49  5:13  Probe x2 (Chrono Boost)  
  53  5:34  Zealot x2  
  55  5:36  Probe  
  55  5:40  Protoss Ground Weapons Level 1 (Chrono Boost)  
  55  5:42  Probe  
  51  5:45  Assimilator  
  51  5:48  Twilight Council, Probe  
  46  6:02  Immortal (Chrono Boost)  
  46  6:06  Probe x2  
  46  6:08  Sentry, Stalker  
  56  6:19  Probe  
  56  6:21  Nexus  
  56  6:22  Pylon  
  56  6:25  Probe  
  58  6:29  Shield Battery  
  58  6:31  Stalker x2  
  62  6:35  Blink (Chrono Boost)  
  62  6:40  Probe x2  
  62  6:43  Shield Battery  
  64  6:52  Probe x2  
  66  7:01  Stalker x2  
  70  7:08  Gateway  
  70  7:10  Gateway  
  70  7:14  Gateway  
  70  7:15  Gateway  
  70  7:18  Pylon  
  70  7:19  Pylon  
  70  7:26  Pylon  
  70  7:29  Pylon  
  70  7:33  Probe x2 (Chrono Boost)  
  73  7:38  Probe (Chrono Boost)  
  73  7:40  Gateway  
  73  7:41  Stalker  
  73  7:42  Gateway, Probe (Chrono Boost)  
  76  7:46  Probe (Chrono Boost)  
  76  7:50  Protoss Ground Weapons Level 2 (Chrono Boost)  
  67  8:00  Warp Prism (Chrono Boost)  
  67  8:05  Stalker x4  
  77  8:06  Probe  
  77  8:12  Probe  
  79  8:17  Gateway  
  79  8:20  Pylon  
  79  8:24  Pylon  
  79  8:31  Stalker  
  79  8:32  Stalker x3  
  87  8:34  Stalker  
  89  8:47  Probe  
  90  8:53  Pylon  
  90  8:57  Pylon  
  90  8:58  Stalker x5  
  90  9:01  Stalker  
  102  9:04  Stalker  
  102  9:07  Stalker  
  106  9:29  Stalker x7  
  120  9:32  Stalker  
  122  9:43  Nexus  
  122  9:53  Stalker x3  
  126  10:17  Stalker x3  
  126  10:18  Stalker x4  
  132  10:46  Stalker x4  
Show
View Real Time Build Order
Export as new Build Order

IIIIIIIIIIII Protoss 

Build Orders:  

Get SALT Encoding   

  12  0:00  Probe  
  13  0:12  Probe  
  14  0:16  Pylon  
  14  0:24  Probe (Chrono Boost)  
  16  0:36  Probe (Chrono Boost)  
  16  0:37  Gateway  
  16  0:42  Probe (Chrono Boost)  
  17  0:51  Probe  
  17  0:52  Assimilator  
  18  1:03  Probe (Chrono Boost)  
  19  1:04  Assimilator  
  19  1:10  Gateway  
  19  1:13  Probe (Chrono Boost)  
  19  1:18  Probe (Chrono Boost)  
  21  1:26  Cybernetics Core  
  21  1:29  Probe  
  22  1:33  Pylon  
  22  1:41  Probe  
  23  1:53  Probe  
  24  2:04  Warp Gate, Stalker (Chrono Boost)  
  24  2:05  Probe, Stalker (Chrono Boost)  
  29  2:11  Pylon  
  29  2:17  Probe  
  30  2:31  Stalker (Chrono Boost)  
  34  2:39  Stalker (Chrono Boost)  
  34  2:40  Probe  
  35  2:57  Nexus  
  35  3:00  Probe  
  35  3:05  Sentry  
  38  3:19  Sentry  
  38  3:22  Pylon  
  38  3:25  Probe  
  39  3:34  Twilight Council  
  39  3:40  Probe (Chrono Boost)  
  40  3:50  Pylon  
  40  3:52  Probe (Chrono Boost)  
  41  3:58  Probe (Chrono Boost)  
  41  4:01  Stalker x2  
  46  4:05  Phoenix  
  46  4:09  Probe (Chrono Boost)  
  45  4:13  Probe (Chrono Boost)  
  45  4:16  Blink (Chrono Boost)  
  44  4:19  Forge  
  44  4:23  Probe x2 (Chrono Boost)  
  46  4:28  Probe (Chrono Boost)  
  46  4:31  Probe  
  47  4:39  Stalker  
  47  4:40  Probe, Stalker  
  47  4:43  Probe  
  53  4:45  Pylon  
  53  4:47  Gateway  
  53  4:52  Probe  
  54  4:55  Probe  
  54  4:57  Protoss Ground Weapons Level 1 (Chrono Boost), Assimilator  
  55  5:04  Probe, Stalker  
  58  5:07  Probe  
  58  5:08  Stalker  
  58  5:14  Gateway  
  49  5:31  Stalker x2  
  46  5:42  Phoenix, Stalker  
  41  5:46  Probe x2  
  33  6:01  Stalker  
  33  6:02  Stalker  
  33  6:03  Probe  
  36  6:04  Probe  
  37  6:15  Probe  
  37  6:16  Probe  
  39  6:22  Pylon  
  39  6:25  Stalker  
  41  6:28  Probe x2  
  43  6:40  Probe  
  43  6:41  Probe  
  45  6:52  Nexus, Probe  
  46  6:56  Pylon  
  46  7:00  Stalker  
  48  7:04  Charge, Probe  
  49  7:11  Stalker  
  49  7:12  Stalker  
  49  7:14  Probe  
  54  7:19  Shield Battery  
  54  7:24  Stalker  
  54  7:26  Probe  
  57  7:31  Stalker  
  59  7:41  Stalker x2  
  63  7:47  Probe, Pylon  
  64  7:54  Phoenix  
  64  7:56  Probe  
  65  7:59  Pylon  
  65  8:00  Probe (Chrono Boost)  
  65  8:01  Pylon  
  66  8:08  Probe (Chrono Boost)  
  66  8:09  Probe (Chrono Boost)  
  69  8:13  Probe (Chrono Boost)  
  69  8:14  Pylon  
  69  8:18  Probe x2 (Chrono Boost)  
  69  8:19  Probe (Chrono Boost)  
  72  8:23  Probe x2 (Chrono Boost)  
  74  8:27  Probe  
  74  8:28  Templar Archives  
  74  8:30  Stalker  
  74  8:31  Protoss Ground Weapons Level 2 (Chrono Boost)  
  77  8:35  Probe  
  77  8:39  Probe x2  
  80  8:43  Zealot  
  80  8:47  Probe  
  80  8:48  Assimilator  
  83  8:51  Gateway  
  83  8:53  Gateway  
  83  8:54  Probe  
  83  8:58  Zealot  
  83  9:02  Probe  
  86  9:03  Probe  
  86  9:05  Zealot x2  
  86  9:07  Probe  
  92  9:12  Zealot  
  92  9:15  Probe  
  92  9:16  Probe  
  96  9:19  Pylon  
  90  9:28  Stalker  
  90  9:30  Zealot x2  
  94  9:34  Probe  
  94  9:36  Zealot, Gateway  
  97  9:39  Shield Battery  
  97  9:49  Zealot x3  
  97  9:52  Probe  
  102  9:56  Zealot x3  
  102  9:58  Probe  
  109  10:00  Assimilator  
  109  10:01  Assimilator  
  105  10:12  Zealot x3  
  91  10:18  High Templar x2  
  91  10:19  Zealot  
  97  10:24  Archon  
  93  10:30  Zealot  
Tags
 
Add a new tag
Caveats
  • Supply blocks, unpowered buildings, or Contaminate may cause inaccurate times.
  • Supply counts are checked every 10 seconds.